Map: Para Site LE

Players

Bly

  • Race: Zerg Zerg
  • Spawn Location: 5:00

Namshar - Winner!

  • Race: Zerg Zerg
  • Spawn Location: 11:00

Event: WCS Montreal 2018

VOD

Have the link to the VOD?

Description

Time

  • Played on: Sept. 7, 2018, 12:31 p.m.
  • Length: 8:43

All games in this series

Show
View Real Time Build Order
Export as new Build Order

Bly Zerg 

Build Orders: 1 Base Baneling Bust, Pool First, Zergling Baneling 

Get SALT Encoding   

  12  0:01  Drone  
  13  0:15  Extractor  
  12  0:23  Spawning Pool  
  12  0:28  Drone  
  12  0:34  Drone  
  13  0:39  Drone  
  14  0:51  Overlord  
  14  1:10  Zergling x2  
  14  1:11  Zergling x2  
  16  1:12  Zergling x2  
  16  1:15  Metabolic Boost  
  17  1:23  Zergling x2  
  18  1:32  Zergling x2  
  19  1:35  Baneling Nest  
  18  1:43  Zergling x2  
  19  1:55  Queen  
  19  1:59  Zergling x2  
  22  2:08  Overlord  
  22  2:26  Zergling x4  
  22  2:28  Baneling x2  
  24  2:39  Zergling x2  
  23  2:48  Baneling x2  
  23  2:49  Zergling x2  
  22  2:58  Baneling  
  22  2:59  Zergling x2  
  23  3:07  Baneling  
  23  3:10  Baneling  
  23  3:11  Zergling x4  
  23  3:12  Zergling x2  
  26  3:23  Baneling  
  24  3:37  Zergling x4  
  23  3:45  Drone  
  24  3:49  Drone  
  24  3:51  Hatchery  
  24  3:57  Drone  
  24  4:00  Drone  
  26  4:05  Drone  
  26  4:13  Drone x2  
  28  4:17  Drone  
  29  4:26  Drone  
  29  4:30  Overlord  
  30  4:48  Queen  
  32  4:56  Drone x2  
  32  4:57  Drone x2  
  33  5:12  Drone x2  
  33  5:14  Drone x2  
  37  5:18  Drone x3  
  40  5:24  Baneling x3  
  40  5:25  Drone  
  42  5:42  Drone  
  42  5:43  Drone  
  43  5:55  Drone  
  40  5:58  Queen  
  40  6:00  Drone x2  
  40  6:02  Lair  
  40  6:03  Overlord  
  44  6:04  Extractor x2  
  42  6:13  Overlord  
  42  6:14  Drone x2  
  44  6:19  Hatchery  
  44  6:20  Baneling x2  
  44  6:23  Drone x2  
  44  6:24  Drone x2  
  47  6:27  Drone  
  47  6:30  Drone x2  
  51  6:32  Drone  
  51  6:38  Drone x2  
  53  6:42  Roach Warren  
  53  6:43  Drone x3  
  53  6:44  Evolution Chamber  
  54  6:48  Drone x2  
  54  6:51  Extractor  
  55  6:58  Zergling x6  
  55  6:59  Zergling x2  
  59  7:02  Spine Crawler  
  59  7:06  Evolution Chamber  
  57  7:09  Spire, Zergling x2  
  57  7:10  Zergling x2  
  59  7:20  Baneling x2  
  59  7:22  Overlord  
  58  7:25  Overlord  
  58  7:26  Zergling x2  
  58  7:27  Zergling x2, Overlord  
  58  7:43  Zergling x4  
  57  7:44  Zergling x8  
  57  7:46  Hatchery  
  57  7:50  Baneling, Roach Warren  
  57  7:51  Baneling x2, Spine Crawler  
  57  7:52  Spine Crawler  
  56  8:04  Zergling x2  
  56  8:05  Zergling x8, Spine Crawler  
  58  8:10  Baneling x4  
  57  8:16  Overlord  
  57  8:18  Overlord  
  57  8:19  Overlord  
Show
View Real Time Build Order
Export as new Build Order

Namshar Zerg - Winner!

Build Orders: Hatch First 

Get SALT Encoding   

  12  0:00  Drone  
  13  0:13  Overlord  
  13  0:17  Drone  
  14  0:31  Drone x2  
  17  0:35  Drone  
  17  0:51  Hatchery  
  17  0:55  Drone  
  17  0:58  Drone  
  18  1:09  Extractor  
  17  1:12  Spawning Pool  
  17  1:15  Drone  
  17  1:18  Drone  
  18  1:29  Drone  
  19  1:41  Overlord  
  19  1:58  Queen  
  19  1:59  Zergling x2  
  19  2:00  Zergling x2  
  23  2:02  Queen  
  23  2:03  Zergling x2  
  26  2:08  Metabolic Boost  
  26  2:13  Zergling x2  
  27  2:17  Spine Crawler  
  27  2:18  Zergling x2  
  27  2:30  Baneling Nest  
  27  2:33  Spine Crawler  
  23  2:44  Zergling x6  
  24  2:55  Zergling x4  
  24  3:10  Queen  
  26  3:14  Baneling x3  
  26  3:15  Baneling  
  26  3:16  Baneling  
  26  3:20  Zergling x2  
  26  3:21  Zergling x2  
  27  3:38  Drone x3  
  27  3:40  Baneling x2  
  28  3:46  Drone x2  
  30  3:57  Drone x3  
  33  4:08  Drone x2  
  35  4:14  Overlord  
  35  4:16  Overlord  
  35  4:35  Drone  
  35  4:36  Drone x3  
  35  4:37  Drone x2  
  40  4:42  Drone x4  
  44  4:50  Drone  
  45  4:56  Zergling x4  
  46  5:08  Hatchery  
  46  5:10  Lair  
  46  5:13  Evolution Chamber  
  44  5:16  Drone x2  
  44  5:18  Drone  
  44  5:19  Roach Warren  
  46  5:24  Drone x3  
  46  5:25  Extractor  
  48  5:39  Drone, Overlord  
  48  5:40  Overlord  
  48  5:42  Zerg Missile Weapons Level 1  
  49  5:44  Extractor  
  45  6:00  Drone  
  45  6:01  Roach x4  
  45  6:02  Roach x3  
  60  6:05  Drone x2  
  60  6:06  Drone, Queen  
  60  6:08  Drone  
  60  6:09  Drone  
  67  6:18  Glial Reconstitution  
  67  6:20  Drone x2  
  67  6:23  Drone x2  
  71  6:33  Drone x3  
  71  6:37  Overlord  
  71  6:38  Overlord x3  
  74  6:49  Extractor  
  74  6:50  Pneumatized Carapace  
  74  6:51  Drone, Evolution Chamber  
  73  6:54  Drone  
  73  6:59  Drone x3  
  73  7:01  Drone x3  
  80  7:06  Drone x2  
  80  7:07  Roach x5  
  92  7:12  Roach  
  92  7:14  Roach  
  96  7:19  Overlord x2  
  96  7:23  Roach x3  
  96  7:28  Roach x2  
  104  7:41  Roach x6  
  104  7:42  Roach x2  
  104  7:43  Ravager x2  
  120  7:50  Extractor  
  121  7:51  Roach  
  119  8:02  Hatchery  
  119  8:05  Roach x4  
  122  8:18  Overlord x2  
Tags
 
Add a new tag
Caveats
  • Supply blocks, unpowered buildings, or Contaminate may cause inaccurate times.
  • Supply counts are checked every 10 seconds.